 Dungeon Sprint DCSS version 0.23.2-1-ga50397a6bc (webtiles) character file.

Game seed: 10747696854464651103

697 Kobolds4U the Unseen (level 7, -21/33 HPs)
             Began as a Spriggan Assassin on May 21, 2019.
             Was an Initiate of Ru.
             Demolished by an ice devil (22 damage)
             ... summoned by a kobold demonologist
             ... in the Dungeon (Sprint I: "Red Sonja").
             The game lasted 00:02:14 (285 turns).

Kobolds4U the Unseen (Spriggan Assassin)             Turns: 285, Time: 00:02:15

Health: -21/33     AC:  3    Str:  7    XL:     7   Next: 37%
Magic:  8/8        EV: 25    Int: 13    God:    Ru [......]
Gold:   416        SH:  0    Dex: 19    Spells: 6/6 levels left

rFire    . . .     SeeInvis +   a - +2 dagger
rCold    . . .     Gourm    .   (shield restricted)
rNeg     . . .     Faith    .   c - +0 robe
rPois    .         Spirit   .   (helmet restricted)
rElec    .         Reflect  .   d - +0 cloak
rCorr    .         Harm     .   (gloves unavailable)
MR       +....     NoTele   +   (boots unavailable)
Stlth    +++++++...             (no amulet)
HPRegen  0.11/turn              (no ring)
MPRegen  0.11/turn              (no ring)

@: very quick
A: very small, unfitting armour, see invisible, herbivore, speed 3, slow
metabolism 2
a: Renounce Religion


You were in the Dungeon.
You worshipped Ru.
Ru was noncommittal.
You were not hungry.

You visited 1 branch You collected 416 gold pieces.

Inventory:

Hand Weapons
 a - a +2 dagger (weapon)
 b - a +0 blowgun
Missiles
 e - 8 poisoned needles
 f - 2 curare-tipped needles
Armour
 c - a +0 robe (worn)
 d - a +0 cloak (worn)
Wands
 n - a wand of flame (16)
Scrolls
 m - a scroll of blinking
Potions
 h - a potion of curing
 i - 2 potions of heal wounds
 j - a potion of haste
 k - 2 potions of magic
 l - a potion of berserk rage
Comestibles
 g - a ration


   Skills:
 - Level 1.5 Fighting
 + Level 10.4 Short Blades
 - Level 2.0 Throwing
 * Level 8.9 Dodging
 - Level 17.4 Stealth


You had 6 spell levels left.
You didn't know any spells.
Your spell library was empty.

Dungeon Overview and Level Annotations

Branches:
Dungeon (1/1)

Altars:
Cheibriados
Dithmenos
Elyvilon
Fedhas
Gozag
Hepliaklqana
Kikubaaqudgha
Makhleb
Nemelex Xobeh
Okawaru
Qazlal
Ru
Sif Muna
Trog
Uskayaw
Vehumet
Wu Jian
Xom
Yredelemnul
Zin
The Shining One
Jiyva
Lugonu

Shops:
D [

Annotations:
D Sonja


Innate Abilities, Weirdness & Mutations

You are very small and have problems with some larger weapons.
You are too small for most types of armour.
You have supernaturally acute eyesight. (SInv)
You are a herbivore.
You cover ground extremely quickly.
You need to consume almost no food.


Message History

The shadow imp shouts, "Decamp, thou tottering fool-headed pimple!"
You hit the kobold demonologist.
The kobold demonologist is lightly wounded.
The crimson imp shouts, "Slither home, thou reeling-ripe weather-bitten spell-botch!"
You hit the kobold demonologist.
The kobold demonologist is lightly wounded.
The kobold demonologist casts a spell.
The ice devil completely misses you. The white imp gestures at you.
The puff of frost hits you.
You miss the kobold demonologist.
The kobold demonologist is lightly wounded.
You hit the kobold demonologist but do no damage.
The kobold demonologist is lightly wounded.
The kobold demonologist looks encouraged for a moment.
The ice devil hits you!
* * * LOW HITPOINT WARNING * * *
The ice devil freezes you!!
Ouch! That really hurt!
You die...

##########################
#<.#.['..#.)'..#__#55'K..#
#..'..#.)'..#..'..5.4#.4.#
#..#####'#####'#__####...+
#..####..#...#(####§ #####
#..#__####..##§#§K§§
#..#_____##5#_.'§≈§
#⌠⌠#_.∩...@45._#
####_..5_##K.#'#
#_____###4#.# #######
#.### $.$ $K$# ##.## #+#


You could see an ice devil, 2 kobold demonologists, a chaos spawn, a crimson
imp, a white imp and a shadow imp.

Vanquished Creatures
  A slime creature (D)
  Sigmund (D)
  A yak (D)
  A floating eye (D)
  An ogre (D)
  Ijyb (D)
  A jelly (D)
7 creatures vanquished.

Notes
Turn   | Place    | Note
-------+----------+-------------------------------------------
     0 | D        | Kobolds4U the Spriggan Assassin began the quest for the
                  | Orb.
     0 | D        | Reached XP level 1. HP: 10/10 MP: 2/2
     1 | D        | Noticed Ijyb
     4 | D        | Killed Ijyb
     4 | D        | Reached skill level 9 in Stealth
     4 | D        | Reached XP level 2. HP: 14/14 MP: 3/3
     7 | D        | Noticed an ogre
    10 | D        | Killed an ogre
    10 | D        | Reached skill level 12 in Stealth
    10 | D        | Reached XP level 3. HP: 18/18 MP: 4/4
    10 | D        | Reached XP level 4. HP: 22/22 MP: 5/5
    19 | D        | Noticed Sigmund
    22 | D        | Killed Sigmund
    22 | D        | Reached skill level 15 in Stealth
    22 | D        | Reached XP level 5. HP: 25/25 MP: 6/6
    34 | D        | Found an ornate altar of the Wu Jian Council.
    34 | D        | Found a deep blue altar of Sif Muna.
    36 | D        | Found a radiant altar of Vehumet.
    40 | D        | Reached XP level 6. HP: 30/30 MP: 7/7
    63 | D        | Found Howkoa's Armour Emporium.
    63 | D        | Found an ancient bone altar of Kikubaaqudgha.
    63 | D        | Found a hazy altar of Hepliaklqana.
    63 | D        | Found a hide-covered altar of Uskayaw.
    63 | D        | Found a basalt altar of Yredelemnul.
    63 | D        | Found an opulent altar of Gozag.
    63 | D        | Found a snail-covered altar of Cheibriados.
    63 | D        | Found a sacrificial altar of Ru.
    63 | D        | Found a shadowy altar of Dithmenos.
    63 | D        | Noticed a yak
    64 | D        | Found a stormy altar of Qazlal.
    64 | D        | Found a blossoming altar of Fedhas.
    64 | D        | Found a bloodstained altar of Trog.
    64 | D        | Found an iron altar of Okawaru.
    64 | D        | Found a glowing golden altar of the Shining One.
    64 | D        | Found a glowing silver altar of Zin.
    64 | D        | Found a white marble altar of Elyvilon.
    65 | D        | Killed a yak
    65 | D        | Reached skill level 17 in Stealth
    66 | D        | Found a sparkling altar of Nemelex Xobeh.
    72 | D        | Became a worshipper of Ru the Awakened
    85 | D        | Found a burning altar of Makhleb.
    85 | D        | Found a viscous altar of Jiyva.
    85 | D        | Found a shimmering altar of Xom.
    85 | D        | Found a corrupted altar of Lugonu.
    85 | D        | Noticed a slime creature
    88 | D        | Killed a slime creature
    88 | D        | Reached skill level 10 in Short Blades
    88 | D        | Reached XP level 7. HP: 33/33 MP: 8/8
   100 | D        | Noticed a kobold demonologist
   101 | D        | Noticed a kobold demonologist
   112 | D        | Noticed a rust devil
   267 | D        | Noticed Sonja
   274 | D        | Noticed an ice devil
   284 | D        | Noticed a chaos spawn
   285 | D        | HP: 1/33 [ice devil[a kobold demonologist] (15)]
   285 | D        | Demolished by an ice devil

Skill      XL: |  1  2  3  4  5  6  7 |
---------------+----------------------+-----
Short Blades   | 4 6 8 10 | 10.4
Stealth        | 9 12 15 17 | 17.4
Dodging        | 7 8 |  8.9
Fighting       | |  1.5
Throwing       | |  2.0

Action                   |  1- 3 |  4- 6 |  7- 9 || total
-------------------------+-------+-------+-------++-------
Melee: Dagger            |     2 |     4 |    30 ||    36
 Stab: Sleeping          |     2 |     4 |       ||     6
Armor: Robe              |       |       |     2 ||     2
Dodge: Dodged            |       |       |    24 ||    24
